 Dungeon Crawl Stone Soup version 0.26.0-10-g1f06aea511 (webtiles) character file.

Game seed: 8414787369130070850

415 funkygono the Conjurer (level 6, -6/67 HPs)
             Began as a Draconian Conjurer on Feb 3, 2021.
             Killed by nerve-wracking pain
             ... invoked by an orc priest
              (11 damage)
             ... on level 4 of the Dungeon.
             The game lasted 00:08:10 (4231 turns).

funkygono the Conjurer (Draconian Conjurer)         Turns: 4231, Time: 00:08:11

Health: -6/67      AC:  8    Str: 10    XL:     6   Next: 60%
Magic:  2/12       EV: 12    Int: 20    God:
Gold:   244        SH:  0    Dex:  9    Spells: 6/13 levels left

rFire    . . .     SeeInvis .   g - +1 whip
rCold    . . .     Faith    .   (no shield)
rNeg     . . .     Spirit   .   (armour unavailable)
rPois    .         Reflect  .   (helmet restricted)
rElec    .         Harm     .   (no cloak)
rCorr    .         Rampage  .   (no gloves)
Will     .....                  n - +1 pair of boots
Stlth    ..........             (no amulet)
HPRegen  0.21/turn              (no ring)
MPRegen  0.13/turn              (no ring)

@: berserking, very quick
A: unfitting armour, cold-blooded, AC +6
a: no special abilities


You were on level 4 of the Dungeon.
You visited 1 branch of the dungeon, and saw 4 of its levels.

You collected 244 gold pieces.

Inventory:

Hand Weapons
 g - a +1 whip (weapon)
 i - a +1 dagger of venom
Missiles
 c - 156 stones
Armour
 n - a +1 pair of boots (worn)
Jewellery
 o - an uncursed ring of positive energy
 s - a cursed amulet of inaccuracy {unknown}
Scrolls
 b - 4 scrolls of remove curse
 e - a scroll of magic mapping
 m - a scroll of amnesia
 r - 2 scrolls of identify {unknown}
Potions
 a - a potion of berserk rage
 d - 2 potions of haste {unknown}
 f - 2 potions of brilliance {unknown}
 h - 3 potions of flight {unknown}
 j - a potion of curing {unknown}
 k - a potion of might {unknown}
 l - a potion of degeneration {unknown}
 p - a potion of magic {unknown}
 q - 2 potions of heal wounds {unknown}


   Skills:
 + Level 0.2 Fighting
 + Level 0.1 Maces & Flails
 + Level 2.6 Dodging
 + Level 2.2 Stealth
 * Level 4.2 Spellcasting
 * Level 6.2 Conjurations


You had 6 spell levels left.
You knew the following spells:

 Your Spells              Type           Power        Failure   Level
a - Magic Dart            Conj           100%         1%          1
b - Searing Ray           Conj           58%          1%          2
c - Fulminant Prism       Conj/Hex       8%           34%         4

Your spell library contained the following spells:

 Spells                   Type           Power        Failure   Level
 Dazzling Flash           Conj/Hex       32%          11%         3
 Iskenderun's Mystic Bla  Conj/Tloc      16%          34%         4


Dungeon Overview and Level Annotations

Branches:
Dungeon (4/15)
 Temple: D:4-7

Altars:
Elyvilon
Fedhas
Nemelex Xobeh
Okawaru
Trog
Uskayaw
The Shining One


Innate Abilities, Weirdness & Mutations

Your plain brown scales are hard. (AC +6)
You cannot fit into any form of body armour.
You are cold-blooded and may be slowed by cold attacks.


Message History

The orc priest barely misses you.
You hit the orc priest but do no damage.
The orc priest is severely wounded.
The orc priest mumbles some strange prayers to Beogh against you.
Beogh smites you!
You barely miss the orc priest.
The orc priest is severely wounded.
The orc priest invokes the aid of Beogh against you.
Beogh smites you!
* * * LOW HITPOINT WARNING * * *
It was a potion of berserk rage.
A red film seems to cover your vision as you go berserk!
You feel yourself moving faster!
You feel mighty! The orc priest closely misses you.
You hit the orc priest but do no damage.
The orc priest is severely wounded.
An orc wizard comes into view. It is wielding a +0 dagger.
The orc priest calls down the wrath of Beogh upon you.
Pain shoots through your body!
You die...

..#.....##.##..##.####.##..#..#
#o#'###.##.##..##.####.##..##.#
.....##.##.##..##....#.##..)..#
..o..##.##.....#####.#.##.#####
.....##.#####.##.....#.##.#
...).##.#####.##.#.###....#
###.)##....##.##.#.# ######
#..#####.##.##o###
#......o).)..)@#
#.######.##.#### #..# #...##.#
##.#####.##.# #..# #.##.# ##.##
#.##.# #..# #.##.# ##.###.##.#
#<[...##.#


You could see an orc priest and an orc wizard (wandering).

Vanquished Creatures
  A sky beast (D:4)
  A scorpion (D:4)
  An orc wizard (D:3)
  2 orc priests (D:4)
  A worker ant (D:4)
  4 adders
  2 oozes (D:2)
  A worm (D:2)
  5 dart slugs
  2 leopard geckos (D:1)
  14 orcs (D:4)
  A ball python (D:2)
  7 bats
  7 giant cockroaches
  11 goblins
  4 hobgoblins
  5 jackals (D:4)
  3 quokkas
  6 frilled lizards
  6 kobolds
  6 rats
90 creatures vanquished.

Vanquished Creatures (others)
  2 fulminant prisms (D:4)
  A plant (D:2)
3 creatures vanquished.

Grand Total: 93 creatures vanquished

Notes
Turn   | Place    | Note
-------+----------+-------------------------------------------
     0 | D:1      | funkygono the Draconian Conjurer began the quest for the
                  | Orb.
     0 | D:1      | Reached XP level 1. HP: 14/14 MP: 3/3
   162 | D:1      | Reached XP level 2. HP: 14/20 MP: 0/5
   165 | D:1      | Learned a level 2 spell: Searing Ray
   679 | D:1      | Reached XP level 3. HP: 26/26 MP: 3/6
  1095 | D:2      | Found a blossoming altar of Fedhas.
  1236 | D:2      | Reached skill level 5 in Conjurations
  1388 | D:2      | Reached XP level 4. HP: 33/33 MP: 0/7
  1473 | D:2      | Found a glowing golden altar of the Shining One.
  1485 | D:2      | Found a hide-covered altar of Uskayaw.
  1485 | D:2      | Found a sparkling altar of Nemelex Xobeh.
  2538 | D:3      | Found an iron altar of Okawaru.
  2667 | D:3      | Learned a level 4 spell: Fulminant Prism
  3186 | D:3      | Reached XP level 5. HP: 20/38 MP: 1/9
  3621 | D:4      | Found a white marble altar of Elyvilon.
  3916 | D:4      | Noticed a sky beast
  3923 | D:4      | Killed a sky beast
  3924 | D:4      | Reached skill level 6 in Conjurations
  3924 | D:4      | Reached XP level 6. HP: 38/45 MP: 1/11
  4152 | D:4      | Found a bloodstained altar of Trog.
  4231 | D:4      | Killed from afar by an orc priest

Illustrated notes

Levels and vault maps discovered:
D:1:      dpeg_arrival_windows_large_door, layout_rooms
D:2:      minmay_evil_eye, layout_loops_ring, fedhas_altar_1,
          grunt_temple_overflow_open, minmay_close_crescents
D:3:      layout_loops_ring, minmay_misc_feat_doors, kennysheep_okawaru_gauntlet
D:4:      layout_basic, lemuel_doored_altar, trog_three_pillars_becter

Skill      XL: |  1  2  3  4  5  6 |
---------------+-------------------+-----
Stealth        | 2 |  2.2
Conjurations   | 5 6 |  6.2
Spellcasting   | 3 4 |  4.2
Dodging        | 2 |  2.6
Fighting       | |  0.2
Maces & Flails | |  0.1

Action                   |  1- 3 |  4- 6 || total
-------------------------+-------+-------++-------
Melee: Unarmed           |     3 |       ||     3
       Whip              |       |    30 ||    30
       Tailslap          |       |     3 ||     3
 Cast: Magic Dart        |    68 |    55 ||   123
       Searing Ray       |     5 |    17 ||    22
       Fulminant Prism   |       |     2 ||     2
  Use: Scroll            |     4 |     8 ||    12
       Potion            |       |     1 ||     1
Armor: Skin              |     4 |    19 ||    23
Dodge: Dodged            |     7 |    30 ||    37
